 Dungeon Crawl Stone Soup version 0.30-a0-840-ga523dec638 (webtiles) character file.

Game seed: 17715801625091373441

1096 zenocrate the Insei (level 8, -2/72 HPs)
             Began as an Octopode Transmuter on Mar 2, 2023.
             Slain by an ufetubus (3 damage)
             ... summoned by Eustachio
             ... on level 6 of the Dungeon.
             The game lasted 00:06:39 (5881 turns).

zenocrate the Insei (Octopode Transmuter)           Turns: 5881, Time: 00:06:39

Health: -2/72      AC: 24    Str:  9    XL:     8   Next: 31%
Magic:  5/11       EV:  2    Int: 21    God:
Gold:   123        SH:  0    Dex: 12    Spells: 2/11 levels left

rFire   . . .      SeeInvis .      - Unarmed
rCold   . . .      Faith    .    (no shield)
rNeg    . . .      Spirit   .    (helmet currently unavailable)
rPois   +          Reflect  .    r - amulet "Qeral" {Regen+ Int+3}
rElec   .          Harm     .    (no ring)
rCorr   .          Rampage  .    (no ring)
Will    .....      NoTele   +    (no ring)
Stlth   ++                       (no ring)
HPRegen 1.12/turn                (no ring)
MPRegen 0.12/turn                (no ring)
                                 (no ring)
                                 (no ring)

@: tree-form, wereblooded, very slightly contaminated
A: stationary, stasis, torment immunity, boosted hp, almost no armour,
(amphibious), 8 rings, (camouflage 1), (gelatinous body 1), (nimble swimmer 1),
(tentacles)
a: no special abilities


You were on level 6 of the Dungeon.
You were a tree.
You visited 1 branch of the dungeon, and saw 6 of its levels.
You also visited: Sewer.

You collected 343 gold pieces.
You spent 220 gold pieces at shops.

Inventory:

Jewellery
 k - an amulet of magic regeneration
 q - an amulet of the acrobat
 r - the amulet "Qeral" (around neck) {Regen+ Int+3}
   (You found it in a sewer)

   [amulet of regeneration]

   Int:       It affects your intelligence (+3).
   Regen:     It increases your rate of health regeneration.
 v - an amulet of faith
Wands
 a - a wand of iceblast (1)
 e - a wand of mindburst (11)
Scrolls
 c - 3 scrolls of vulnerability
 g - 2 scrolls of poison
 h - a scroll of immolation {unknown}
 i - a scroll of amnesia {unknown}
 l - a scroll of teleportation
 o - a scroll of magic mapping {unknown}
 s - a scroll of blinking
 t - 2 scrolls of fog
Potions
 b - 2 potions of might
 d - 3 potions of flight
 f - a potion of attraction
 j - a potion of brilliance
 n - a potion of invisibility
 p - a potion of cancellation {unknown}
 u - a potion of mutation {unknown}


   Skills:
 - Level 1.0 Fighting
 - Level 2.0 Dodging
 - Level 1.4 Stealth
 + Level 6.6 Unarmed Combat
 - Level 2.0 Spellcasting
 + Level 6.2 Transmutations
 - Level 4.0 Ice Magic


You had 2 spell levels left.
You knew the following spells:

 Your Spells              Type           Power      Damage    Failure   Level
a - Wereblood             Tmut           28%        N/A       1%          2
b - Beastly Appendage     Tmut           56%        N/A       1%          1
c - Ice Form              Ice/Tmut       23%        N/A       19%         4
d - Blink                 Tloc           4%         N/A       22%         2

Your spell library contained the following spells:

 Spells                   Type           Power      Damage    Failure   Level
 Lesser Beckoning         Tloc           4%         N/A       22%         2
 Ozocubu's Armour         Ice            19%        N/A       9%          3
 Spider Form              Tmut/Pois      15%        N/A       12%         3
 Gell's Gravitas          Tloc           2%         N/A       41%         3
 Teleport Other           Tloc           2%         N/A       41%         3
 Manifold Assault         Tloc           2%         N/A       82%         4
 Ozocubu's Refrigeration  Ice            9%         4d9       100%        7
 Storm Form               Tmut/Air       7%         N/A       100%        7


Dungeon Overview and Level Annotations

Branches:
Dungeon (6/15)              Sewer (visited)
 Temple: D:4-7

Altars:
Elyvilon
Fedhas
Kikubaaqudgha
Makhleb
Ru
Xom

Shops:
D:4 !

Annotations:
D:6 Eustachio


Innate Abilities, Weirdness & Mutations

You are a tree.
Your roots penetrate the ground, keeping you stationary.
You cannot be teleported.
You are immune to unholy pain and torment.
Your maximum health is greatly increased.
You cannot wear most types of armour.
((You are amphibious.))
You can wear up to eight rings at the same time.
((Your skin changes colour to match your surroundings (Stealth+).))
((Your rubbery body absorbs attacks. (AC +1, EV +1)))
((You are camouflaged when in or above water. (Stealth+)))
((You have tentacles for arms and can constrict up to eight enemies at once.))


Message History

Confirm with . or Enter, or press ? or * to list all spells.
The spell is quite dangerous to miscast (19% risk of failure)!
Continue anyway?
You miscast Ice Form.
You are very lightly contaminated with residual magic.
Your tentacles feel numb with cold!
* * * LOW HITPOINT WARNING * * *
You constrict Eustachio, but do no damage.
The shadow imp hits you.
* * * LOW HITPOINT WARNING * * *
Eustachio mumbles some strange words.
The river rat bites you!
* * * LOW HITPOINT WARNING * * *
Really quaff the potion of lignification?
Your tentacle spike disappears.
You turn into a tree.
Your roots penetrate the ground.
You lose your grip on Eustachio.
The iron imp disappears in a puff of smoke!
The shadow imp disappears in a puff of smoke!
The ufetubus hits you but does no damage. x4
The river rat bites you but does no damage.
Eustachio hits you but does no damage.
Okay, then.
You completely miss Eustachio.
Eustachio is heavily wounded.
The ufetubus hits you but does no damage. x6
The river rat bites you but does no damage.
Eustachio hits you with a +0 rapier.
* * * LOW HITPOINT WARNING * * *
Okay, then.
You smack Eustachio!
Eustachio is severely wounded.
The ufetubus hits you but does no damage. x6
The ufetubus hits you.
* * * LOW HITPOINT WARNING * * *
The ufetubus hits you but does no damage.
The river rat bites you but does no damage.
Eustachio hits you but does no damage.
The ufetubus hits you but does no damage.
The ufetubus hits you.
You die...

# ######## # #.....)# #
#########....$.# #
...............#########
......@§...............'
..)^..5♣r[............##
.....§.55###...#########
........#############..#
........# #.............
......... +.............
.......## #...........#.
....... +...........#.
##.#### #...........#.
##.########...........#.


You could see Eustachio, a river rat (summoned) and 3 ufetubi.

Vanquished Creatures
  A water moccasin (D:4)
  A black bear (D:4)
  A phantom (D:5)
  Blork the orc (D:5)
  A bullfrog (Sewer)
  A scorpion (D:5)
  3 hounds
  2 orc priests
  Crazy Yiuf (D:2)
  Jessica (D:2)
  Ijyb (D:3)
  An iguana (D:5)
  2 orc wizards
  Robin (D:3)
  12 gnolls
  8 adders
  An ufetubus (D:4)
  A worm (D:5)
  2 dart slugs
  16 orcs
  6 bats
  4 endoplasms
  10 giant cockroaches
  12 goblins
  6 hobgoblins
  5 quokkas
  7 ball pythons
  10 frilled lizards
  4 kobolds
  5 rats
127 creatures vanquished.

Notes
Turn   | Place    | Note
-------+----------+-------------------------------------------
     0 | D:1      | zenocrate the Octopode Transmuter began the quest for the
                  | Orb.
     0 | D:1      | Reached XP level 1. HP: 13/13 MP: 3/3
    32 | D:1      | Reached skill level 1 in Stealth
    67 | D:1      | Reached XP level 2. HP: 18/18 MP: 5/5
    71 | D:1      | Learned a level 2 spell: Wereblood
  1020 | D:2      | Noticed Jessica
  1025 | D:2      | Killed Jessica
  1026 | D:2      | Reached XP level 3. HP: 22/23 MP: 3/6
  1201 | D:2      | Reached XP level 4. HP: 24/28 MP: 3/7
  1444 | D:2      | Learned a level 4 spell: Ice Form
  1563 | D:2      | Identified the +8 chain mail "Biorofiefa" {rC++ rN++ Dex-5}
  1593 | D:2      | Found a runed translucent door.
  1594 | D:2      | Noticed Crazy Yiuf
  1719 | D:2      | Killed Crazy Yiuf
  1720 | D:2      | Reached XP level 5. HP: 33/33 MP: 4/8
  1992 | D:3      | Reached skill level 1 in Ice Magic
  2187 | D:3      | Reached XP level 6. HP: 26/38 MP: 6/9
  2254 | D:3      | Noticed Ijyb
  2260 | D:3      | Killed Ijyb
  2880 | D:3      | Noticed Robin
  2902 | D:3      | Killed Robin
  2903 | D:3      | Reached skill level 5 in Unarmed Combat
  3074 | D:3      | Found a sacrificial altar of Ru.
  3400 | D:4      | Found a white marble altar of Elyvilon.
  3401 | D:4      | Found a burning altar of Makhleb.
  3471 | D:4      | Found Fyurer's Distillery.
  3479 | D:4      | Bought a potion of curing for 33 gold pieces
  3479 | D:4      | Bought a potion of heal wounds for 55 gold pieces
  3479 | D:4      | Bought a potion of invisibility for 88 gold pieces
  3479 | D:4      | Bought a potion of might for 44 gold pieces
  3514 | D:4      | Noticed a water moccasin
  3526 | D:4      | Killed a water moccasin
  3527 | D:4      | Reached XP level 7. HP: 29/43 MP: 7/10
  3604 | D:4      | Reached skill level 5 in Transmutations
  3674 | D:4      | Learned a level 2 spell: Blink
  4209 | D:4      | Found an ancient bone altar of Kikubaaqudgha.
  4430 | D:5      | Entered Level 5 of the Dungeon
  4430 | D:5      | Found a shimmering altar of Xom.
  4756 | D:5      | Found a glowing drain.
  4770 | Sewer    | Entered a sewer
  4862 | Sewer    | Reached XP level 8. HP: 40/48 MP: 11/11
  4891 | Sewer    | Identified the amulet "Qeral" {Regen+ Int+3}
  5124 | D:5      | Found a blossoming altar of Fedhas.
  5188 | D:5      | Noticed Blork the orc
  5200 | D:5      | Killed Blork the orc
  5864 | D:6      | Noticed Eustachio
  5878 | D:6      | HP: 2/48 [river rat[Eustachio] (7)]
  5881 | D:6      | Slain by an ufetubus

Illustrated notes

Levels and vault maps discovered:
D:1:      minmay_arrival_plants_in_alcoves, layout_loops_ring
D:2:      layout_rooms, minmay_crystal_water, uniq_jessica,
          uniq_crazy_yiuf_cottage
D:3:      layout_basic, amcnicky_altar_gilded, minmay_diced_spiral, uniq_robin,
          uniq_ijyb
D:4:      layout_loops_cross, kiku_gazebo_pond_becter,
          mainiacjoe_overflow_divided_tiny, serial_shops, shop
D:5:      layout_cave_pods, overflow_temple_1_default, general_overflow_altar,
          serial_glass, glass_columns_b, glass_columns_a, glass_columns_a,
          glass_columns_a, glass_columns_b, cheibrodos_sewer_entry_drain,
          uniq_blork_the_orc
D:6:      layout_basic, hangedman_glass_teeth, uniq_pikel, uniq_eustachio

Skill      XL: |  1  2  3  4  5  6  7  8 |
---------------+-------------------------+-----
Stealth        | 1 |  1.4
Transmutations | 3 4 5 6 |  6.2
Unarmed Combat | 4 5 6 |  6.6
Ice Magic      | 1 3 4 |  4.0
Fighting       | |  1.0
Dodging        | |  2.0
Spellcasting   | |  2.0

Action                     |  1- 3 |  4- 6 |  7- 9 || total
---------------------------+-------+-------+-------++-------
  Melee: Unarmed           |    55 |   132 |   120 ||   307
         Constrict         |    16 |    41 |    24 ||    81
         Kick              |    13 |    48 |    41 ||   102
         Tentacles         |     8 |    33 |    23 ||    64
         Punch             |     1 |     6 |     7 ||    14
   Cast: Beastly Appendage |    18 |    22 |    20 ||    60
         Wereblood         |    16 |    21 |    20 ||    57
         Ice Form          |       |       |     1 ||     1
  Evoke: Wand              |       |       |     2 ||     2
    Use: Scroll            |     1 |       |     6 ||     7
         Potion            |       |     2 |     5 ||     7
   Stab: Sleeping          |     3 |       |     3 ||     6
 Armour: Skin              |    13 |    10 |    38 ||    61
  Dodge: Dodged            |    32 |    85 |    84 ||   201

Table legend: (Time is in decaauts)
 A = Elapsed time spent in this place.
 B = Non-inter-level travel time spent in this place.
 C = Inter-level travel time spent in this place.
 D = Time resting spent in this place.
 E = Time spent auto-exploring this place.
 F = Levels seen in this place.
 G = Mean time per level.
                   A        B        C        D        E       F      G
               +--------+--------+--------+--------+--------+-----+--------+
         Total |   5852 |   5656 |    196 |    106 |   4581 |   7 |  836.0 |
       Dungeon |   5540 |   5344 |    196 |    103 |   4427 |   6 |  923.3 |
         Sewer |    311 |    311 |      0 |      3 |    154 |   1 |  311.0 |
               +--------+--------+--------+--------+--------+-----+--------+

Top non-repeatable levels by time:
     D:3: 1429 daAuts
     D:4: 1068 daAuts
     D:1: 1007 daAuts
     D:5: 972 daAuts
     D:2: 907 daAuts
   Sewer: 311 daAuts
     D:6: 155 daAuts
